 Dungeon Crawl Stone Soup version 0.30-a0-1157-g2cc9ac7196 (webtiles) character file.

Game seed: 3476348979554571424

161 iamoutofideas the Chopper (level 5, 0/46 HPs)
             Began as a Hill Orc Monk on Apr 24, 2023.
             Killed from afar by Terence (15 damage)
             ... with a bolt of dispelling energy
             ... on level 3 of the Dungeon.
             The game lasted 00:01:48 (2513 turns).

iamoutofideas the Chopper (Hill Orc Monk)           Turns: 2513, Time: 00:01:49

Health: 0/46       AC:  2    Str: 16    XL:     5   Next: 42%
Magic:  5/5        EV: 12    Int: 10    God:
Gold:   109        SH:  0    Dex: 13    Spells: 4/4 levels left

rFire   . . .        a - +0 hand axe
rCold   . . .        d - orb {light}
rNeg    . . .        b - +0 robe
rPois   .            (no helmet)
rElec   .            (no cloak)
rCorr   .            (no gloves)
SInv    .            (no boots)
Will    .....        (no amulet)
Stlth   +            (no ring)
HPRegen 0.27/turn    (no ring)
MPRegen 0.09/turn

%: no passive effects
@: glowing
A: no striking features
a: no special abilities


You were on level 3 of the Dungeon.
You visited 1 branch of the dungeon, and saw 3 of its levels.

You collected 109 gold pieces.

Inventory:

Hand Weapons
 a - a +0 hand axe (weapon)
Armour
 b - a +0 robe (worn)
 d - an orb of light (worn)
Jewellery
 i - a +6 ring of intelligence
 k - an amulet of magic regeneration
 m - a ring of see invisible
 n - a ring of magical power
Wands
 r - a wand of roots (9)
Scrolls
 f - 3 scrolls of amnesia {unknown}
 h - a scroll of enchant weapon {unknown}
 j - 2 scrolls of immolation {unknown}
 o - 2 scrolls of teleportation {unknown}
 p - a scroll of acquirement {unknown}
 q - a scroll of identify {unknown}
 s - a scroll of enchant armour {unknown}
Potions
 e - a potion of cancellation {unknown}
 g - a potion of curing {unknown}


   Skills:
 + Level 4.1 Fighting
 + Level 7.4 Axes
 + Level 2.6 Dodging


You had 4 spell levels left.
You didn't know any spells.
Your spell library contained the following spells:

 Spells                   Type           Power      Damage    Failure   Level
 Blink                    Tloc           0%         N/A       50%         2
 Lesser Beckoning         Tloc           0%         N/A       50%         2
 Momentum Strike          Conj/Tloc      0%         3d8       50%         2
 Stone Arrow              Conj/Erth      0%         3d7       75%         3
 Animate Armour           Summ/Erth      0%         N/A       98%         4
 Lehudib's Crystal Spear  Conj/Erth      0%         10d2      100%        8


Dungeon Overview and Level Annotations

Branches:
Dungeon (3/15)

Altars:

Annotations:
D:1 1 runed translucent door
D:3 Terence


Message History

You hit Terence but do no damage. You hit the frilled lizard.
You kill the frilled lizard!
Terence says, "Don't bother to defend, it's pointless."
Terence misses you.
You hit Terence.
Terence is lightly wounded.
Terence hits you with a +0 trident!
You hit Terence but do no damage.
Terence is lightly wounded.
Terence zaps a wand.
The bolt of dispelling energy hits you!
* * * LOW HITPOINT WARNING * * *
You hit Terence but do no damage.
Terence is lightly wounded.
Terence closely misses you.
Okay, then.
Unknown command.
You feel much better.
Terence zaps a wand.
The bolt of dispelling energy hits you!
You hit Terence.
Terence is moderately wounded.
Terence hits you with a +0 trident!
* * * LOW HITPOINT WARNING * * *
Okay, then.
Okay, then.
You are confused.
You feel invigorated.
Terence zaps a wand.
The bolt of dispelling energy misses you.
Terence hits you from afar with a +0 trident.
* * * LOW HITPOINT WARNING * * *
You're too confused to move!
You feel less invigorated.
You feel less confused.
Terence hits you from afar with a +0 trident.
Terence barely misses you.
You hit Terence.
Terence is heavily wounded.
Terence closely misses you.
You hit Terence but do no damage.
Terence is heavily wounded.
Terence zaps a wand.
The bolt of dispelling energy hits you!
You die...

#.##..รท............
..#####..#....###.#
#.# #.......# .# #.
#.......###.##
..###....##......#
.............#..#
.###....##.#.#..#
#....##......#
##....>....@..#
.............@#......
.#####.#####.######..
#. #.# #. #.# #. #.#
.. ... ###


You could see Terence.

Vanquished Creatures
  Natasha (thrice) (D:2)
  5 adders
  A dart slug (D:2)
  An orc (D:3)
  5 ball pythons
  5 bats
  3 endoplasms
  A giant cockroach (D:2)
  A goblin (D:2)
  2 hobgoblins (D:1)
  6 kobolds
  2 quokkas
  3 frilled lizards
  6 rats
44 creatures vanquished.

Notes
Turn   | Place    | Note
-------+----------+-------------------------------------------
     0 | D:1      | iamoutofideas the Hill Orc Monk began the quest for the
                  | Orb.
     0 | D:1      | Reached XP level 1. HP: 19/19 MP: 1/1
     2 | D:1      | Found a runed translucent door.
   105 | D:1      | Reached XP level 2. HP: 15/27 MP: 2/2
   509 | D:1      | Reached skill level 5 in Axes
   957 | D:2      | Reached XP level 3. HP: 33/33 MP: 3/3
   984 | D:2      | Noticed Natasha
   992 | D:2      | Killed Natasha
  1211 | D:2      | Reached skill level 6 in Axes
  1231 | D:2      | Noticed Natasha
  1246 | D:2      | Killed Natasha
  1247 | D:2      | Reached XP level 4. HP: 15/40 MP: 4/4
  1347 | D:2      | Noticed Natasha
  1356 | D:2      | Killed Natasha
  1477 | D:2      | Reached skill level 7 in Axes
  1670 | D:2      | Reached XP level 5. HP: 42/46 MP: 5/5
  2490 | D:3      | Noticed Terence
  2503 | D:3      | HP: 2/46 [Terence/bolt of dispelling energy (14)]
  2513 | D:3      | Killed from afar by Terence

Illustrated notes

Levels and vault maps discovered:
D:1:      dpeg_arrival_caged_fury, layout_loops_ring,
          hangedman_decor_diamond_cutter
D:2:      layout_loops_ring, minmay_pentomino_q4, uniq_natasha
D:3:      layout_loops_ring, lightli_temple_of_fire, uniq_terence, uniq_grinder

Skill      XL: |  1  2  3  4 |
---------------+-------------+-----
Axes           | 5 6 7 |  7.4
Fighting       | 4 |  4.1
Dodging        | |  2.6

Action                     |  1- 3 |  4- 6 || total
---------------------------+-------+-------++-------
  Melee: Hand axe          |    91 |    83 ||   174
    Use: Potion            |       |     4 ||     4
 Armour: Robe              |    15 |    11 ||    26
  Dodge: Dodged            |    62 |    43 ||   105

Table legend: (Time is in decaauts)
 A = Elapsed time spent in this place.
 B = Non-inter-level travel time spent in this place.
 C = Inter-level travel time spent in this place.
 D = Time resting spent in this place.
 E = Time spent auto-exploring this place.
 F = Levels seen in this place.
 G = Mean time per level.
                   A        B        C        D        E       F      G
               +--------+--------+--------+--------+--------+-----+--------+
         Total |   2519 |   2463 |     56 |    659 |   1461 |   3 |  839.7 |
       Dungeon |   2519 |   2463 |     56 |    659 |   1461 |   3 |  839.7 |
               +--------+--------+--------+--------+--------+-----+--------+

Top non-repeatable levels by time:
     D:2: 1349 daAuts
     D:1: 895 daAuts
     D:3: 275 daAuts
